 Dungeon Crawl Stone Soup version 0.24.0-125-gc4c63601f3 (webtiles) character file.

Game seed: 10685782777359132500, levelgen mode: deterministic

6275 Johnny the Geomancer (level 10, -16/69 HPs)
             Began as a Demigod Earth Elementalist on Mar 8, 2020.
             Demolished by an orc warrior
             ... wielding a +0 halberd
              (23 damage)
             ... on level 10 of the Dungeon.
             The game lasted 00:11:53 (9552 turns).

Johnny the Geomancer (Demigod Earth Elementalist)   Turns: 9552, Time: 00:11:54

Health: -16/69     AC:  7    Str: 11    XL:     10   Next: 36%
Magic:  2/28       EV: 12    Int: 25    God:
Gold:   176        SH:  0    Dex: 16    Spells: 15/28 levels left

rFire    + . .     SeeInvis .   o - +3 dagger (protect)
rCold    . . .     Gourm    .   (no shield)
rNeg     . . .     Faith    .   q - +0 leather armour {rF+}
rPois    .         Spirit   .   (no helmet)
rElec    .         Reflect  .   D - +0 cloak
rCorr    .         Harm     .   (no gloves)
MR       +....                  c - +2 pair of boots
Stlth    ++........             (no amulet)
HPRegen  0.21/turn              s - ring of flight
MPRegen  0.21/turn              (no ring)

@: no status effects
A: high mp 1
a: Evoke Flight


You were on level 10 of the Dungeon.
You were very hungry.

You visited 1 branch of the dungeon, and saw 10 of its levels.
You also visited: Sewer.

You collected 440 gold pieces.
You spent 264 gold pieces at shops.

Inventory:

Hand Weapons
 o - a +3 dagger of protection (weapon)
Missiles
 y - 109 stones (quivered)
Armour
 c - a +2 pair of boots (worn)
 q - a +0 leather armour of fire resistance (worn)
 D - a +0 cloak (worn)
Magical Staves
 H - an uncursed staff of energy
Jewellery
 s - a ring of flight (left hand)
 v - an uncursed ring of ice
Wands
 n - a wand of acid (10)
 B - a wand of clouds (4)
Scrolls
 a - 7 scrolls of fog
 e - 8 scrolls of teleportation
 f - 5 scrolls of immolation
 i - 6 scrolls of noise
 k - 7 scrolls of remove curse
 l - 4 scrolls of fear
 t - 3 scrolls of amnesia
 w - 3 scrolls of magic mapping {unknown}
 C - 2 scrolls of blinking {unknown}
 F - 3 scrolls of enchant armour
 J - a scroll of torment {unknown}
Potions
 g - 4 potions of haste
 j - 8 potions of curing
 m - 2 potions of berserk rage {unknown}
 p - 3 potions of heal wounds
 r - a potion of magic {unknown}
 u - 3 potions of brilliance {unknown}
 x - a potion of might {unknown}
 z - 3 potions of cancellation {unknown}
 A - a potion of resistance {unknown}
 E - a potion of agility
 I - 2 potions of ambrosia {unknown}
Comestibles
 d - 13 rations


   Skills:
 - Level 1.7 Dodging
 - Level 1.7 Stealth
 + Level 9.8 Spellcasting
 - Level 0.8 Transmutations
 + Level 10.8 Earth Magic


You had 15 spell levels left.
You knew the following spells:

 Your Spells              Type           Power        Failure   Level  Hunger
a - Sandblast             Erth           ######       1%          1    None
b - Stone Arrow           Conj/Erth      #####.       2%          3    None
c - Lee's Rapid Deconstr  Erth           ######....   2%          5    ####...
d - Petrify               Tmut/Erth      #####...     6%          4    #......

Your spell library contained the following spells:

 Spells                   Type           Power        Failure   Level  Hunger
 Passwall                 Tmut/Erth      #####...     1%          2    None
 Animate Skeleton         Necr           N/A          7%          1    None
 Apportation              Tloc           ##....       7%          1    None
 Confusing Touch          Hex            ##....       7%          1    None
 Magic Dart               Conj           ##..         7%          1    None
 Summon Small Mammal      Summ           ##..         7%          1    None
 Call Imp                 Summ           ##......     10%         2    None
 Searing Ray              Conj           ##....       10%         2    None
 Call Canine Familiar     Summ           ##......     21%         3    None
 Dazzling Spray           Conj/Hex       ##....       21%         3    None
 Summon Guardian Golem    Hex/Summ       ##......     21%         3    None
 Force Lance              Conj/Tloc      ##......     54%         4    #......
 Fulminant Prism          Conj/Hex       ##........   54%         4    #......
 Iskenderun's Mystic Bla  Conj           ##......     54%         4    #......
 Summon Ice Beast         Ice/Summ       ##......     54%         4    #......
 Summon Lightning Spire   Summ/Air       ##......     54%         4    #......


Dungeon Overview and Level Annotations

Branches:
Dungeon (10/15)            Temple (0/1) D:6            Lair (0/6) D:8
  Sewer (visited)
    Orc: D:9-12

Shops:
D:4 ?   D:7 *   D:9 =   D:10 (


Innate Abilities, Weirdness & Mutations

You have an increased reservoir of magic. (+10% MP)


Message History

The stone arrow hits the orc warrior!
The orc warrior is almost dead.
The orc warrior hits you from afar with a +0 halberd.
* * * LOW HITPOINT WARNING * * *
Unknown command.
Evoke which item? (* to show all) (? for menu, Esc to quit)
Aiming: Corrosive Bolt
Press: ? - help, Shift-Dir - straight line, f/p - orc warrior
Aim: an orc warrior, wielding a +0 halberd and wearing a +8 plate armour of ponderousness (almost dead)
The bolt of acid misses the orc warrior.
The orc warrior hits you from afar with a +0 halberd!
* * * LOW HITPOINT WARNING * * *
Unknown command.
Evoke which item? (* to show all) (? for menu, Esc to quit)
Aiming: Corrosive Bolt
Press: ? - help, Shift-Dir - straight line, f/p - orc warrior
Aim: an orc warrior, wielding a +0 halberd and wearing a +8 plate armour of ponderousness (almost dead)
The bolt of acid misses the orc warrior.
The orc warrior hits you from afar with a +0 halberd!!
You die...

.......# .......# .####### ..o
..c .... ....o ##♣##
......################♣.∩.♣
.o....)).(..)o.@........♣.#####
.....†###################<....+
..... ####### .... ###


You could see an orc warrior.

Vanquished Creatures
  Psyche (D:9)
  Prince Ribbit (D:7)
  3 hippogriffs (D:9)
  A hungry ghost (D:8)
  2 black bears
  7 orc warriors
  2 ice beasts
  2 sky beasts
  A phantom (D:7)
  A necrophage (D:10)
  6 ogres
  4 centaurs
  Blork the orc (D:5)
  A big kobold (D:7)
  A gnoll sergeant (D:5)
  6 bullfrogs
  3 scorpions
  11 killer bees
  A crimson imp (D:7)
  A jelly (D:7)
  A bullfrog zombie (D:5)
  5 hounds
  11 orc priests
  2 bullfrog skeletons (D:6)
  9 orc wizards
  Terence (D:3)
  6 iguanas
  4 worker ants
  2 hound skeletons
  2 howler monkey zombies (D:5)
  2 worker ant zombies (D:7)
  13 gnolls
  14 adders
  2 river rats (Sewer)
  2 shadow imps
  2 adder zombies
  3 adder skeletons
  3 worms
  2 dart slugs
  4 leopard geckos
  53 orcs
  6 giant cockroaches
  10 goblins
  4 hobgoblins
  3 jackals
  11 kobolds
  8 quokkas
  5 ball pythons
  10 bats
  14 frilled lizards
  A leopard gecko skeleton (D:5)
  A quokka skeleton (D:9)
  A quokka zombie (D:5)
  17 rats
290 creatures vanquished.

Notes
Turn   | Place    | Note
-------+----------+-------------------------------------------
     0 | D:1      | Johnny the Demigod Earth Elementalist began the quest for
                  | the Orb.
     0 | D:1      | Reached XP level 1. HP: 14/14 MP: 5/5
   454 | D:1      | Reached skill level 3 in Earth Magic
   550 | D:1      | You fall into a shaft and drop 1 floor!
   574 | D:2      | Reached XP level 2. HP: 14/20 MP: 5/7
   941 | D:2      | Reached XP level 3. HP: 26/26 MP: 5/9
   990 | D:2      | Found a shimmering altar of Xom.
  1580 | D:2      | Reached XP level 4. HP: 33/33 MP: 8/11
  1764 | D:3      | Found an ornate altar of the Wu Jian Council.
  1764 | D:3      | Found a sparkling altar of Nemelex Xobeh.
  1817 | D:3      | Noticed an ogre
  1822 | D:3      | Killed an ogre
  1822 | D:3      | Reached skill level 4 in Earth Magic
  1822 | D:3      | Reached XP level 5. HP: 38/38 MP: 8/13
  2454 | D:3      | Noticed Terence
  2464 | D:3      | Learned a level 3 spell: Stone Arrow
  2493 | D:3      | Found a stormy altar of Qazlal.
  2720 | D:4      | Found a shadowy altar of Dithmenos.
  2827 | D:4      | Found Paruq's Magic Scroll Boutique.
  2835 | D:4      | Bought a scroll of identify for 20 gold pieces
  2835 | D:4      | Bought a scroll of remove curse for 30 gold pieces
  2835 | D:4      | Bought a scroll of identify for 20 gold pieces
  2835 | D:4      | Bought a scroll of fog for 20 gold pieces
  2859 | D:4      | Reached XP level 6. HP: 30/45 MP: 15/15
  3342 | D:3      | Killed Terence
  3342 | D:3      | Reached skill level 5 in Earth Magic
  3414 | D:3      | Found an opulent altar of Gozag.
  3415 | D:3      | Found a bloodstained altar of Trog.
  3415 | D:3      | Found a shattered altar of Ashenzari.
  3415 | D:3      | Found a snail-covered altar of Cheibriados.
  3415 | D:3      | Found an ancient bone altar of Kikubaaqudgha.
  3415 | D:3      | Found a white marble altar of Elyvilon.
  3416 | D:3      | Found an iron altar of Okawaru.
  3417 | D:3      | Found a glowing golden altar of the Shining One.
  3435 | D:3      | Found a radiant altar of Vehumet.
  3436 | D:3      | Found a burning altar of Makhleb.
  3437 | D:3      | Found a sacrificial altar of Ru.
  3735 | D:5      | Entered Level 5 of the Dungeon
  3849 | D:5      | Found a glowing drain.
  3893 | D:5      | Noticed Blork the orc
  3899 | D:5      | Killed Blork the orc
  3943 | Sewer    | Entered a sewer
  3975 | Sewer    | Reached XP level 7. HP: 50/50 MP: 15/17
  4347 | D:5      | Reached skill level 5 in Spellcasting
  4349 | D:5      | Reached skill level 6 in Earth Magic
  4408 | D:5      | Found a shattered altar of Ashenzari.
  5053 | D:5      | Saw a vision of the Shoals and the Snake Pit.
  5053 | D:5      | Noticed a salamander
  5053 | D:5      | Noticed a merfolk
  5053 | D:5      | Noticed a naga mage
  5053 | D:5      | Noticed a sea snake
  5053 | D:5      | Noticed a merfolk
  5053 | D:5      | Noticed a hippogriff
  5053 | D:5      | Noticed a hippogriff
  5053 | D:5      | Noticed a naga sharpshooter
  5053 | D:5      | Noticed a naga ritualist
  5053 | D:5      | Noticed a merfolk siren
  5053 | D:5      | Noticed a sea snake
  5053 | D:5      | Noticed a naga warrior
  5053 | D:5      | Noticed a mana viper
  5216 | D:6      | Learned a level 5 spell: Lee's Rapid Deconstruction
  5221 | D:6      | Learned a level 4 spell: Petrify
  5257 | D:6      | Found a staircase to the Ecumenical Temple.
  5268 | D:6      | Reached XP level 8. HP: 56/57 MP: 12/20
  5291 | D:6      | Reached skill level 7 in Earth Magic
  6142 | D:7      | Reached skill level 8 in Earth Magic
  6416 | D:7      | Found Wefeh's General Store.
  6422 | D:7      | Bought a scroll of teleportation for 36 gold pieces
  6422 | D:7      | Bought a potion of agility for 48 gold pieces
  6422 | D:7      | Bought a scroll of enchant armour for 90 gold pieces
  6502 | D:7      | Reached XP level 9. HP: 62/62 MP: 17/24
  6872 | D:7      | Reached skill level 9 in Earth Magic
  7049 | D:7      | Noticed Prince Ribbit
  7055 | D:7      | Killed Prince Ribbit
  7213 | D:8      | Found a staircase to the Lair.
  7928 | D:8      | Found an ornate altar of the Wu Jian Council.
  8561 | D:9      | Noticed Psyche
  8566 | D:9      | Killed Psyche
  8566 | D:9      | Reached skill level 10 in Earth Magic
  8674 | D:9      | Reached XP level 10. HP: 58/69 MP: 13/27
  9030 | D:9      | Found Voudiecw's Jewellery Emporium.
  9276 | D:10     | Entered Level 10 of the Dungeon
  9481 | D:10     | Found Nunial's Weapon Boutique.
  9552 | D:10     | Demolished by an orc warrior

Levels and vault maps discovered:
D:1:      lemuel_arrival_cross, layout_basic
D:2:      layout_rooms, nicolae_overflow_hidden_temple, minmay_pentomino_v2
D:3:      minmay_evil_eye, layout_basic, minitemple, uniq_terence
D:4:      layout_gridville, kennysheep_mini, first_ration, serial_shops,
          shop_scrolls
D:5:      layout_basic, gup_sewer_entry_bubbles, grunt_ashenzari_visionary
          [grunt_ashenzari_visionary_shoals, grunt_ashenzari_visionary_snake],
          uniq_blork_the_orc
D:6:      layout_loops_corners, minmay_temple_entry_antechambers
D:7:      layout_loops_cross, serial_shops, shop, dk_rats_in_the_wall,
          uniq_prince_ribbit1
D:8:      layout_cave_pods, lair_entry_dummy, basic_altar
D:9:      layout_roguey [special_room_orc], serial_shops,
          nicolae_shop_statue_plus, uniq_psyche
D:10:     layout_roguey, basic_altar, serial_shops, nicolae_shop_trees,
          gammafunk_ghost_hive, hangedman_ranch [blue_anna_fruit_fields],
          elyvilon_altar_1

Skill      XL: |  1  2  3  4  5  6  7  8  9 |
---------------+----------------------------+-----
Spellcasting   | 2 3 4 6 7 9 |  9.8
Earth Magic    | 3 4 5 6 8 10 | 10.8
Dodging        | |  1.7
Stealth        | |  1.7
Transmutations | |  0.8

Action                   |  1- 3 |  4- 6 |  7- 9 | 10-12 || total
-------------------------+-------+-------+-------+-------++-------
Melee: Unarmed           |    35 |     1 |       |       ||    36
       Dagger            |       |   168 |   225 |    54 ||   447
Throw: Stone             |     1 |       |       |       ||     1
 Cast: Sandblast         |    47 |    60 |    78 |    37 ||   222
       Stone Arrow       |       |     5 |   112 |     7 ||   124
       Lee's Rapid Decon |       |       |     6 |     7 ||    13
       Petrify           |       |       |     1 |       ||     1
Evoke: Wand              |       |       |     3 |    27 ||    30
  Use: Potion            |     2 |       |       |       ||     2
       Scroll            |       |     6 |     7 |       ||    13
 Stab: Sleeping          |     2 |     6 |     5 |     1 ||    14
  Eat: Chunk             |     1 |     6 |    16 |     3 ||    26
       Ration            |       |     1 |       |       ||     1
Armor: Robe              |    16 |       |       |       ||    16
       Leather armour    |     1 |    68 |   138 |    27 ||   234
Dodge: Dodged            |    49 |   138 |   208 |    60 ||   455
